Map: 블랙핑크 - 래더

Players

GaNTrithOr

  • Race: Protoss Protoss
  • League: Diamond
  • Spawn Location: 1:00

AtroNach - Winner!

  • Race: Terran Terran
  • League: Diamond
  • Spawn Location: 7:00

VOD

Have the link to the VOD?

Description

when a build goes really well

Time

  • Played on: March 11, 2018, 5:40 a.m.
  • Length: 4:39
Show
View Real Time Build Order
Export as new Build Order

GaNTrithOr Protoss 

Build Orders: 1 Gate Expand, Oracle Opening 

Get SALT Encoding   

  12  0:01  Probe  
  13  0:13  Probe  
  14  0:17  Pylon  
  14  0:25  Probe  
  15  0:37  Probe  
  15  0:42  Gateway  
  16  0:46  Assimilator  
  16  0:49  Probe  
  17  1:01  Probe  
  18  1:17  Probe  
  19  1:25  Nexus  
  19  1:29  Probe (Chrono Boost)  
  20  1:39  Cybernetics Core  
  20  1:41  Probe (Chrono Boost)  
  22  1:54  Assimilator  
  22  1:56  Pylon  
  22  1:58  Probe  
  22  2:10  Probe  
  22  2:14  Stalker (Chrono Boost)  
  22  2:16  Warp Gate  
  22  2:22  Probe  
  25  2:30  Stargate  
  25  2:36  Probe  
  26  2:37  Probe  
  26  2:46  Stalker (Chrono Boost)  
  26  2:49  Probe (Chrono Boost)  
  31  2:59  Probe (Chrono Boost)  
  31  3:00  Probe (Chrono Boost)  
  31  3:04  Probe (Chrono Boost)  
  31  3:08  Probe  
  31  3:12  Robotics Facility  
  33  3:15  Probe  
  34  3:23  Oracle (Chrono Boost)  
  37  3:31  Probe x2  
  39  3:34  Pylon  
  39  3:43  Probe x2, Stalker  
  39  3:48  Pylon  
  43  3:50  Assimilator  
  43  3:56  Assimilator  
  43  3:59  Probe (Chrono Boost)  
  45  4:04  Probe (Chrono Boost)  
  45  4:08  Probe (Chrono Boost)  
Show
View Real Time Build Order
Export as new Build Order

AtroNach Terran - Winner!

Build Orders: Cyclone Opening, Reaper Expand 

Get SALT Encoding   

  12  0:00  SCV  
  13  0:12  SCV  
  14  0:18  Supply Depot  
  14  0:24  SCV  
  15  0:28  Refinery  
  15  0:40  SCV  
  16  0:46  Barracks  
  16  0:52  SCV  
  17  1:04  SCV  
  18  1:16  SCV  
  19  1:34  Reaper, Orbital Command  
  20  1:47  Command Center  
  20  2:02  SCV  
  20  2:03  Factory  
  21  2:08  Barracks Reactor  
  21  2:11  Refinery  
  21  2:17  SCV  
  21  2:18  Supply Depot  
  22  2:29  SCV  
  23  2:45  SCV  
  24  2:57  SCV, Cyclone  
  24  2:58  Cyclone  
  31  3:03  Marine  
  32  3:06  Orbital Command  
  32  3:09  SCV  
  33  3:21  SCV  
  33  3:24  Starport  
  34  3:27  Barracks Tech Lab  
  34  3:29  Hellion  
  34  3:30  Hellion  
  34  3:33  SCV  
  40  3:34  SCV  
  40  3:42  Refinery  
  40  3:44  Supply Depot  
  40  3:45  SCV  
  40  3:47  Marine  
  42  4:05  SCV, Medivac  
  42  4:08  Barracks  
  44  4:10  Barracks  
  44  4:15  SCV  
  46  4:17  SCV  
Tags
 
Add a new tag
Caveats
  • Supply blocks, unpowered buildings, or Contaminate may cause inaccurate times.
  • Supply counts are checked every 10 seconds.